 Dungeon Crawl Stone Soup version 0.28.0-53-g5a82cb258f (webtiles) character file.

Game seed: 7044966024632420818

177 gobodom the Magician (level 5, 0/36 HPs)
             Began as a Demonspawn Hedge Wizard on June 19, 2022.
             Slain by a phantom (3 damage)
             ... on level 3 of the Dungeon.
             The game lasted 00:19:38 (3828 turns).

gobodom the Magician (Demonspawn Hedge Wizard)      Turns: 3828, Time: 00:19:39

Health: 0/36       AC:  3    Str: 10    XL:     5   Next: 30%
Magic:  11/11      EV: 12    Int: 17    God:
Gold:   162        SH:  0    Dex: 15    Spells: 12/13 levels left

rFire   . . .      SeeInvis .   u - +1 dagger (speed)
rCold   . . .      Faith    .   (no shield)
rNeg    . . .      Spirit   .   b - +0 robe
rPois   .          Reflect  .   c - +0 hat
rElec   .          Harm     .   d - +0 cloak
rCorr   .          Rampage  .   (no gloves)
Will    .....                   (no boots)
Stlth   +++.......              (no amulet)
HPRegen 0.12/turn               (no ring)
MPRegen 0.12/turn               (no ring)

@: no status effects
A: hooves 1, thin skeletal structure 1, demonic guardian 1, foul stench 1
a: no special abilities


You were on level 3 of the Dungeon.
You visited 1 branch of the dungeon, and saw 4 of its levels.

You collected 162 gold pieces.

Inventory:

Hand Weapons
 p - a +9 club
 q - a +0 rapier
 u - a +1 dagger of speed (weapon)
Missiles
 s - 2 poisoned darts
 v - 4 silver boomerangs (quivered)
Armour
 b - a +0 robe (worn)
 c - a +0 hat (worn)
 d - a +0 cloak (worn)
 j - an orb of mayhem
 t - the +1 leather armour of Yvviunkao {Will+ Regen+ Str+8 Dex-4}
   (You found it on level 3 of the Dungeon)

   Str:       It affects your strength (+8).
   Dex:       It affects your dexterity (-4).
   Regen:     It increases your rate of health regeneration.
   Will:      It increases your willpower.
Scrolls
 i - a scroll of noise
Potions
 f - a potion of haste
 h - a potion of degeneration
 l - a potion of ambrosia {unknown}
 m - a potion of heal wounds {unknown}
 n - a potion of lignification {unknown}
 o - a potion of brilliance {unknown}


   Skills:
 + Level 0.3 Fighting
 + Level 0.2 Short Blades
 + Level 0.4 Maces & Flails
 + Level 2.3 Dodging
 + Level 2.3 Stealth
 + Level 4.6 Spellcasting
 + Level 2.3 Conjurations
 + Level 1.0 Summonings
 + Level 0.8 Translocations


You had 12 spell levels left.
You knew the following spells:

 Your Spells              Type           Power      Damage    Failure   Level
a - Magic Dart            Conj           44%        1d5       6%          1

Your spell library contained the following spells:

 Spells                   Type           Power      Damage    Failure   Level
 Slow                     Hex            12%        N/A       16%         1
 Blink                    Tloc           12%        N/A       16%         2
 Call Imp                 Summ           7%         N/A       16%         2
 Conjure Flame            Conj/Fire      7%         6-21      28%         3
 Mephitic Cloud           Conj/Pois/Air  6%         N/A       32%         3
 Cause Fear               Hex            1%         N/A       83%         4
 Dragon Form              Tmut           1%         N/A       100%        7
 Dragon's Call            Summ           3%         N/A       100%        9


Dungeon Overview and Level Annotations

Branches:
Dungeon (4/15)
 Temple: D:4-7

Altars:
Nemelex Xobeh


Innate Abilities, Weirdness & Mutations

You have large cloven feet.
You have a somewhat thin skeletal structure. (Dex +2, Stealth+)
A weak demonic guardian rushes to your aid.
You may rarely emit foul miasma when damaged in melee.


Message History

The phantom hits you!
You thump the phantom!
The phantom is severely damaged.
The phantom hits you.
* * * LOW HITPOINT WARNING * * *
You sock the phantom! Your kick misses the phantom.
The phantom is almost destroyed.
The phantom hits you but does no damage.
The orc hits you with a +0 hand axe.
* * * LOW HITPOINT WARNING * * *
The phantom hits you.
* * * LOW HITPOINT WARNING * * *
You feel better. The orc hits you but does no damage.
The phantom barely misses you.
Your iron imp disappears in a puff of smoke!
The phantom barely misses you.
There is a stone staircase leading up here.
The phantom hits you.
* * * LOW HITPOINT WARNING * * *
The orc hits you with a +0 hand axe.
* * * LOW HITPOINT WARNING * * *
You climb upwards.
There is a stone staircase leading down here.
Your hands tingle!
u - a +1 dagger of speed (weapon)
You closely miss the phantom. Your kick misses the phantom.
The phantom is severely damaged.
The phantom misses you. The orc barely misses you.
You barely miss the phantom.
The phantom is severely damaged.
You closely miss the phantom. Your kick misses the phantom.
The phantom is severely damaged.
The phantom hits you.
* * * LOW HITPOINT WARNING * * *
A demonic guardian appears!
You emit a cloud of foul miasma!
The phantom blinks!
You blink.
You hit the phantom but do no damage. You kick the phantom.
The phantom is almost destroyed.
The phantom hits you.
You die...

#######################
#<....................####
##........###########.....
#.###....# #########.....
#.# #....###....##.......
#.#
#....5ยงยง.............
#.# #..W@o...........>...
#.# #..................##
#.# ##....)..............
#.# #...................
#.# #.............).....
#.# #......##...........
#.# #......#............
#.######'####............
#.....<#.# #............


You could see a phantom (ally target), an orc and a friendly ufetubus
(summoned).

Vanquished Creatures
  A howler monkey (D:3)
  Jessica (D:2)
  4 adders
  2 worms
  4 dart slugs
  3 endoplasms
  9 goblins
  7 hobgoblins
  3 jackals (D:3)
  3 kobolds
  2 quokkas
  4 ball pythons
  6 bats
  8 frilled lizards
  6 rats
63 creatures vanquished.

Vanquished Creatures (collateral kills)
  A dart slug (D:4)
1 creature vanquished.

Vanquished Creatures (others)
  A fungus (D:3)
1 creature vanquished.

Grand Total: 65 creatures vanquished

Notes
Turn   | Place    | Note
-------+----------+-------------------------------------------
     0 | D:1      | gobodom the Demonspawn Hedge Wizard began the quest for the
                  | Orb.
     0 | D:1      | Reached XP level 1. HP: 13/13 MP: 4/4
   364 | D:1      | Gained mutation: You have a somewhat thin skeletal
                  | structure. (Dex +2, Stealth+) [demonic ancestry]
   364 | D:1      | Reached XP level 2. HP: 19/19 MP: 4/6
  1028 | D:2      | Gained mutation: You may rarely emit foul miasma when
                  | damaged in melee. [demonic ancestry]
  1028 | D:2      | Reached XP level 3. HP: 4/24 MP: 0/8
  1030 | D:2      | HP: 1/24 [poisoned by an adder]
  1471 | D:2      | Found a faded altar of an unknown god.
  1484 | D:2      | Reached skill level 4 in Spellcasting
  1907 | D:2      | HP: 1/24 [goblin/+0 short sword (4)]
  1929 | D:2      | Gained mutation: You have large cloven feet. [demonic
                  | ancestry]
  1929 | D:2      | Reached XP level 4. HP: 5/30 MP: 2/10
  2417 | D:2      | Noticed Jessica
  2457 | D:2      | Killed Jessica
  2912 | D:3      | Found a sparkling altar of Nemelex Xobeh.
  2932 | D:3      | Identified the +1 leather armour of Yvviunkao {Will+ Regen+
                  | Str+8 Dex-4}
  3591 | D:4      | Noticed a phantom
  3630 | D:3      | Gained mutation: A weak demonic guardian rushes to your
                  | aid. [demonic ancestry]
  3630 | D:3      | Reached XP level 5. HP: 14/36 MP: 7/11
  3828 | D:3      | Slain by a phantom

Illustrated notes

Levels and vault maps discovered:
D:1:      onia_arrival_pentagram, layout_basic
D:2:      kennysheep_six_static_rooms, layout_rooms,
          shapermc_ecumenical_altar_notcrosses, corexii_hall_statues_x,
          uniq_jessica
D:3:      layout_basic, mainiacjoe_overflow_boulevard
D:4:      layout_basic

Skill      XL: |  1  2  3  4 |
---------------+-------------+-----
Dodging        | 2 |  2.3
Spellcasting   | 4 |  4.6
Stealth        | 2 |  2.3
Conjurations   | 2 |  2.3
Fighting       | |  0.3
Short Blades   | |  0.2
Maces & Flails | |  0.4
Summonings     | |  1.0
Translocations | |  0.8

Action                   |  1- 3 |  4- 6 || total
-------------------------+-------+-------++-------
Melee: Dagger            |    52 |    15 ||    67
       Club              |       |    33 ||    33
       Kick              |       |    10 ||    10
       Punch             |       |     1 ||     1
Throw: Boomerang         |       |     3 ||     3
 Cast: Magic Dart        |    91 |    37 ||   128
  Use: Potion            |     1 |     1 ||     2
       Scroll            |       |     5 ||     5
 Stab: Sleeping          |       |     2 ||     2
Armor: Robe              |    18 |    11 ||    29
Dodge: Dodged            |    40 |    35 ||    75
